 Dungeon Crawl Stone Soup version 0.29.1-12-g30fa7ad0bf (webtiles) character file.

Game seed: 17152598421464762660

551 vgb666 the Sneak (level 7, -4/34 HPs)
             Began as a Vine Stalker Brigand on Dec 17, 2022.
             Splashed by a jelly's acid (5 damage)
             ... on level 4 of the Dungeon.
             The game lasted 00:15:21 (3427 turns).

vgb666 the Sneak (Vine Stalker Brigand)             Turns: 3427, Time: 00:15:23

Health: -4/34      AC: -6    Str: 16    XL:     7   Next: 29%
Magic:  0/8        EV:  9    Int: 11    God:
Gold:   227        SH:  0    Dex: 15    Spells: 6/6 levels left

rFire   . . .      SeeInvis .   a - +3 dagger (flame)
rCold   + + .      Faith    .   (no shield)
rNeg    . . .      Spirit   +   v - +0 scale mail
rPois   .          Reflect  .   i - +0 helmet
rElec   .          Harm     .   c - +0 cloak
rCorr   .          Rampage  .   (no gloves)
Will    .....                   (no boots)
Stlth   ++........              (no amulet)
HPRegen 0.91/turn               l - ring of protection from cold
MPRegen 0.11/turn               u - ring of protection from cold

@: corroded
A: fangs 2, regeneration 1, magic shield, antimagic bite, no potion heal 2
a: no special abilities


You were on level 4 of the Dungeon.
You visited 1 branch of the dungeon, and saw 4 of its levels.

You collected 227 gold pieces.

Inventory:

Hand Weapons
 a - a +3 dagger of flaming (weapon)
 b - a +1 vorpal sling
Missiles
 d - 27 poisoned darts
 e - 2 curare-tipped darts (quivered)
 o - 5 boomerangs
Armour
 c - a +0 cloak (worn)
 i - a +0 helmet (worn)
 v - a +0 scale mail (worn)
Jewellery
 l - a ring of protection from cold (left hand)
 t - a ring of ice
 u - a ring of protection from cold (right hand)
Wands
 n - a wand of charming (6)
 q - a wand of flame (12)
Scrolls
 g - 2 scrolls of magic mapping
 j - a scroll of immolation
 m - a scroll of brand weapon
 r - a scroll of teleportation
 w - 3 scrolls of identify
Potions
 h - a potion of mutation
 k - a potion of magic


   Skills:
 - Level 1.8 Fighting
 + Level 4.2 Short Blades
 - Level 1.8 Throwing
 + Level 3.3 Armour
 - Level 0.7 Dodging
 + Level 7.4 Stealth


You had 6 spell levels left.
You didn't know any spells.
Your spell library contained the following spells:

 Spells                   Type           Power      Damage    Failure   Level
 Necrotise                Necr           0%         1d4       77%         1
 Sting                    Tmut/Pois      0%         1d3       77%         1
 Static Discharge         Conj/Air       0%         3-3/arc   88%         2
 Vampiric Draining        Necr           0%         2d6       98%         3
 Airstrike                Air            0%         2d(0-16)  100%        4
 Agony                    Necr           0%         N/A       100%        5
 Eringya's Noxious Bog    Tmut/Pois      0%         N/A       100%        6
 Storm Form               Tmut/Air       0%         N/A       100%        7


Dungeon Overview and Level Annotations

Branches:
Dungeon (4/15)
 Temple: D:4-7

Altars:

Annotations:
D:3 2 transporters, BillyBaka's ghost, weakling MiFi


Innate Abilities, Weirdness & Mutations

You have extremely sharp teeth.
Your natural rate of healing is unusually fast.
When hurt, damage is shared between your health and your magic reserves.
Your bite disrupts and absorbs the magic of your enemies.
Potions cannot restore your health.


Message History

a +0 whip; a kobold corpse You see here a +0 dagger.
You see here a +0 short sword of draining.
Things that are here:
a +0 dagger; a kobold corpse
Things that are here:
a +2 whip of distortion; a kobold corpse You see here a +0 short sword.
Things that are here:
a +0 dagger; a kobold corpse
Things that are here:
a +2 whip of distortion; a kobold corpse
There is a stone staircase leading down here.
You climb downwards.
There is a stone staircase leading up here.
A quokka comes into view.
A jelly comes into view.
Found a bubbling silvery potion.
The jelly quivers.
The jelly moves out of view.
The helpless quokka fails to defend itself.
You spit the quokka like a pig!!! You burn the quokka.
You kill the quokka!
You hit the jelly but do no damage. The acid corrodes you!
Your hands burn!
You bite the jelly, but do no damage. The jelly hits you.
The acid corrodes you!
You are splashed with acid!
You hit the jelly but do no damage.
Your hands burn!
The jelly hits you.
You are splashed with acid.
You hit the jelly. You burn the jelly.
Your hands burn!
The jelly is moderately wounded.
The jelly hits you. The acid corrodes you!
You are splashed with acid!
* * * LOW HITPOINT WARNING * * *
You hit the jelly. You burn the jelly.
Your hands burn!
* * * LOW HITPOINT WARNING * * *
Your bite misses the jelly.
The jelly is moderately wounded.
The jelly hits you.
* * * LOW HITPOINT WARNING * * *
The acid corrodes you!
You are splashed with acid.
You die...

#.. #.# #.# #.# #.# #.#
#####.## #######
#......# #.....#
#@###..####.....#
#..J.####.#........#
....!..........##.....#
.#####..#.##.####<....#
##.#.##.# ####### #..
...# ### ####


You could see a jelly.

Vanquished Creatures
  Grinder (D:3)
  A kobold brigand (D:3)
  A jelly (D:3)
  Jessica (D:2)
  Natasha (thrice) (D:3)
  Robin (D:3)
  6 adders
  4 worms
  A dart slug (D:1)
  4 orcs (D:3)
  8 bats
  5 endoplasms
  2 giant cockroaches
  20 goblins
  3 hobgoblins
  3 quokkas
  2 ball pythons
  2 frilled lizards (D:2)
  9 kobolds
  4 rats
81 creatures vanquished.

Vanquished Creatures (others)
  4 plants (D:3)
4 creatures vanquished.

Grand Total: 85 creatures vanquished

Notes
Turn   | Place    | Note
-------+----------+-------------------------------------------
     0 | D:1      | vgb666 the Vine Stalker Brigand began the quest for the
                  | Orb.
     0 | D:1      | Reached XP level 1. HP: 11/11 MP: 2/2
   306 | D:1      | You fall into a shaft and drop 1 floor!
   325 | D:2      | Reached skill level 5 in Stealth
   338 | D:2      | Reached XP level 2. HP: 9/15 MP: 1/3
   911 | D:1      | Reached XP level 3. HP: 15/18 MP: 4/4
  1005 | D:1      | Reached skill level 1 in Armour
  1055 | D:1      | Got the Atlas of Electric Pollution
  1928 | D:2      | Found a faded altar of an unknown god.
  1937 | D:2      | Noticed Jessica
  1941 | D:2      | Killed Jessica
  1942 | D:2      | Gained mutation: Your natural rate of healing is unusually
                  | fast. [Vine Stalker growth]
  1942 | D:2      | Reached XP level 4. HP: 23/23 MP: 5/5
  2244 | D:3      | Found a transporter.
  2259 | D:3      | Found a transporter.
  2299 | D:3      | Noticed Grinder
  2325 | D:3      | Killed Grinder
  2326 | D:3      | Reached skill level 6 in Stealth
  2326 | D:3      | Reached XP level 5. HP: 9/26 MP: 2/6
  2326 | D:3      | Reached XP level 6. HP: 10/30 MP: 2/7
  2506 | D:3      | Found a runed translucent gate.
  2506 | D:3      | Found a runed translucent gate.
  2506 | D:3      | Found a runed translucent gate.
  2510 | D:3      | Noticed BillyBaka's ghost (weakling MiFi)
  2513 | D:3      | Noticed Robin
  2531 | D:3      | Killed Robin
  2756 | D:3      | Reached skill level 7 in Stealth
  2930 | D:3      | Noticed Natasha
  2945 | D:3      | Killed Natasha
  3203 | D:3      | Noticed Natasha
  3210 | D:3      | Killed Natasha
  3211 | D:3      | Reached XP level 7. HP: 31/34 MP: 8/8
  3233 | D:3      | Noticed Natasha
  3238 | D:3      | Killed Natasha
  3427 | D:4      | HP: 1/34 [jelly (3)]
  3427 | D:4      | Splashed by a jelly's acid

Illustrated notes

Levels and vault maps discovered:
D:1:      dpeg_arrival_erosion, layout_loops_corners
D:2:      layout_loops_ring, shapermc_ecumenical_altar_pompeii, uniq_jessica
D:3:      gammafunk_steamed_eel, layout_basic, gammafunk_ghost_nasty_kobolds,
          minmay_liquid_box, grunt_ministairs_14, nicolae_wormholes,
          uniq_natasha, uniq_grinder, uniq_robin
D:4:      layout_loops_cross, kennysheep_mini

Skill      XL: |  1  2  3  4  5  6 |
---------------+-------------------+-----
Stealth        | 5 6 7 |  7.4
Short Blades   | 2 3 4 |  4.2
Armour         | 1 2 3 |  3.3
Fighting       | |  1.8
Throwing       | |  1.8
Dodging        | |  0.7

Action                   |  1- 3 |  4- 6 |  7- 9 || total
-------------------------+-------+-------+-------++-------
Melee: Dagger            |    69 |   150 |    20 ||   239
       Bite              |    17 |    34 |     6 ||    57
 Fire: Sling             |       |     8 |       ||     8
Throw: Dart              |       |       |     3 ||     3
Evoke: Wand              |       |     1 |     3 ||     4
  Use: Scroll            |       |     7 |     3 ||    10
       Potion            |       |       |     3 ||     3
 Stab: Sleeping          |     2 |     1 |     1 ||     4
       Distracted        |       |     1 |       ||     1
Armor: Ring mail         |    26 |     4 |       ||    30
       Scale mail        |       |    45 |     7 ||    52
Dodge: Dodged            |    25 |    51 |     8 ||    84
